 Dungeon Crawl Stone Soup version 0.28.0-1-gb440e238dd (webtiles) character file.

Game seed: 1663848561577365715

521 PoweredByGinger the Shield-Bearer (level 7, -11/57 HPs)
             Began as a Minotaur Fighter on Feb 19, 2022.
             Was an Initiate of Trog.
             Mangled by Edmund (21 damage)
             ... on level 4 of the Dungeon.
             The game lasted 00:05:28 (4216 turns).

PoweredByGinger the Shield-Bearer (MiFi)            Turns: 4216, Time: 00:05:29

Health: -11/57     AC: 12    Str: 22    XL:     7   Next: 1%
Magic:  6/6        EV: 14    Int:  5    God:    Trog [......]
Gold:   170        SH:  5    Dex: 10    Spells: 6/6 levels left

rFire   . . .      SeeInvis .   a - +0 war axe
rCold   . . .      Faith    .   c - +0 buckler
rNeg    . . .      Spirit   .   C - +0 plate armour
rPois   .          Reflect  .   (helmet restricted)
rElec   .          Harm     .   (no cloak)
rCorr   .          Rampage  .   (no gloves)
Will    .....                   k - +0 pair of boots
Stlth   ..........              (no amulet)
HPRegen 0.19/turn               l - +4 ring of evasion
MPRegen 0.10/turn               A - +4 ring of evasion

@: no status effects
A: horns 2, retaliatory headbutt
a: Renounce Religion


You were on level 4 of the Dungeon.
You worshipped Trog.
Trog was noncommittal.
You visited 2 branches of the dungeon, and saw 5 of its levels.
You also visited: Sewer.

You collected 170 gold pieces.

Inventory:

Hand Weapons
 a - a +0 war axe (weapon)
Missiles
 j - 39 arrows
Armour
 c - a +0 buckler (worn)
 k - a +0 pair of boots (worn)
 C - a +0 plate armour (worn)
Jewellery
 l - a +4 ring of evasion (left hand)
 x - a +6 ring of intelligence
 A - a +4 ring of evasion (right hand)
Scrolls
 b - a scroll of torment {unknown}
 f - 3 scrolls of noise {unknown}
 h - 2 scrolls of magic mapping {unknown}
 i - 3 scrolls of vulnerability {unknown}
 m - 2 scrolls of teleportation {unknown}
 o - 2 scrolls of enchant armour {unknown}
 p - a scroll of summoning {unknown}
 r - 2 scrolls of identify {unknown}
 t - 3 scrolls of fear {unknown}
 v - a scroll of immolation {unknown}
 y - a scroll of brand weapon {unknown}
 z - a scroll of holy word {unknown}
Potions
 d - 2 potions of might
 e - a potion of curing
 g - a potion of haste {unknown}
 n - a potion of heal wounds {unknown}
 q - a potion of magic {unknown}
 s - a potion of berserk rage {unknown}
 u - 2 potions of resistance {unknown}
 w - 5 potions of flight
 B - a potion of attraction {unknown}


   Skills:
 - Level 3.6 Fighting
 + Level 6.7 Axes
 - Level 3.6 Armour
 + Level 7.2 Shields


You had 6 spell levels left.
You didn't know any spells.
Your spell library contained the following spells:

 Spells                   Type           Power      Damage    Failure   Level
 Animate Skeleton         Necr           0%         N/A       100%        1
 Apportation              Tloc           0%         N/A       100%        1
 Summon Small Mammal      Summ           0%         N/A       100%        1
 Dazzling Flash           Conj/Hex       0%         N/A       100%        3
 Iskenderun's Mystic Bla  Conj/Tloc      0%         2d3       100%        4
 Starburst                Conj/Fire      0%         6d3       100%        6


Dungeon Overview and Level Annotations

Branches:
Dungeon (4/15)             Temple (1/1) D:4           Sewer (visited)

Altars:
Ashenzari
Elyvilon
Fedhas
Gozag
Hepliaklqana
Nemelex Xobeh
Sif Muna
Trog
Wu Jian
Xom
Yredelemnul
Zin

Annotations:
D:4 Edmund


Innate Abilities, Weirdness & Mutations

You have a pair of horns on your head.
You reflexively headbutt those who attack you in melee.


Message History

You slash Edmund!
Edmund is moderately wounded.
Edmund hits you with a +5 flail of protection.
You completely miss Edmund. You headbutt Edmund!
Edmund is moderately wounded.
Edmund hits you with a +5 flail of protection! x2
You are too injured to fight recklessly!
You are too injured to fight recklessly!
You are too injured to fight recklessly!
You closely miss Edmund.
Edmund is moderately wounded.
Edmund hits you with a +5 flail of protection.
You hit Edmund.
Edmund is heavily wounded.
Edmund says, "A flail is better than a scythe, any day of the week!"
Edmund hits you but does no damage.
You barely miss Edmund.
Edmund is heavily wounded.
You block Edmund's attack.
You closely miss Edmund. Your headbutt misses Edmund.
Edmund is heavily wounded.
Edmund hits you with a +5 flail of protection.
* * * LOW HITPOINT WARNING * * *
You barely miss Edmund. Your headbutt misses Edmund.
Edmund is heavily wounded.
Edmund hits you with a +5 flail of protection.
* * * LOW HITPOINT WARNING * * *
Edmund barely misses you.
It was a potion of curing.
You feel better. You block Edmund's attack.
You slash Edmund! You headbutt Edmund, but do no damage.
Edmund is severely wounded.
Edmund hits you with a +5 flail of protection.
* * * LOW HITPOINT WARNING * * *
You slash Edmund! You headbutt Edmund.
Edmund is almost dead.
Edmund hits you with a +5 flail of protection!
* * * LOW HITPOINT WARNING * * *
You feel better.
Edmund hits you with a +5 flail of protection!!
You die...

##.#####.# ####.#
##.#####.# #....#
.........# #.####
#.......## #.# #.##....#
#.# ........#####.#
#.##..........#
#.##..#.###########.####
........# #.@@......
####...## #.###.####
#(..# #####.###.### #...#
#...........[ #...#
#.###.....### # #...#
#.###.....#
####...####.........#
..........(..####...###.
.............##.<........


You could see Edmund (strong).

Vanquished Creatures
  An ogre (D:4)
  2 hounds (D:4)
  A jelly (D:4)
  An orc priest (D:3)
  Jessica (D:2)
  Natasha (D:2)
  A hound skeleton (D:4)
  9 adders
  4 river rats (Sewer)
  An ufetubus (D:4)
  A worm (D:4)
  A dart slug (D:2)
  7 orcs
  8 endoplasms
  6 giant cockroaches
  5 hobgoblins
  14 jackals
  8 kobolds
  5 quokkas
  14 ball pythons
  11 bats
  6 frilled lizards
  8 goblins
  3 rats
119 creatures vanquished.

Notes
Turn   | Place    | Note
-------+----------+-------------------------------------------
     0 | D:1      | PoweredByGinger the Minotaur Fighter began the quest for
                  | the Orb.
     0 | D:1      | Reached XP level 1. HP: 19/19 MP: 0/0
   219 | D:1      | Reached skill level 4 in Shields
   237 | D:1      | Reached XP level 2. HP: 25/26 MP: 1/1
   612 | D:1      | Found a faded altar of an unknown god.
   764 | D:2      | Noticed Natasha
   768 | D:2      | Killed Natasha
   769 | D:2      | Reached XP level 3. HP: 22/31 MP: 2/2
   911 | D:2      | Reached XP level 4. HP: 39/39 MP: 3/3
   920 | D:2      | Reached skill level 5 in Shields
   920 | D:2      | Found a hazy altar of Hepliaklqana.
   998 | D:2      | Noticed Jessica
  1004 | D:2      | Killed Jessica
  1503 | D:3      | Found a sparkling altar of Nemelex Xobeh.
  1503 | D:3      | Found an opulent altar of Gozag.
  1626 | D:3      | Reached XP level 5. HP: 45/45 MP: 4/4
  1850 | D:3      | Found a glowing drain.
  1857 | D:3      | Reached skill level 5 in Axes
  1866 | Sewer    | Entered a sewer
  2252 | Sewer    | Reached skill level 6 in Shields
  2421 | Sewer    | Reached XP level 6. HP: 42/51 MP: 5/5
  3233 | D:4      | Found a staircase to the Ecumenical Temple.
  3513 | D:4      | Reached skill level 7 in Shields
  3783 | Temple   | Entered the Ecumenical Temple
  4001 | Temple   | Became a worshipper of Trog the Wrathful
  4129 | D:4      | Reached XP level 7. HP: 57/57 MP: 6/6
  4203 | D:4      | Noticed Edmund
  4216 | D:4      | Mangled by Edmund

Illustrated notes

Levels and vault maps discovered:
D:1:      dpeg_arrival_rhombus, layout_rooms, ebering_ecumenical_altar_webs
D:2:      layout_basic, basic_altar, uniq_jessica, uniq_natasha
D:3:      layout_loops_ring, grunt_temple_overflow_opulence,
          portal_sewer_entry_d
D:4:      layout_loops_cross, minmay_temple_entry_wispy, ebering_ghost_sewer_d,
          wad_orctagon, uniq_edmund
Temple:   nicolae_temple_figure_zero

Skill      XL: |  1  2  3  4  5  6 |
---------------+-------------------+-----
Shields        | 4 5 6 7 |  7.2
Axes           | 3 4 5 6 |  6.7
Fighting       | |  3.6
Armour         | |  3.6

Action                   |  1- 3 |  4- 6 |  7- 9 || total
-------------------------+-------+-------+-------++-------
Melee: War axe           |    59 |   190 |    10 ||   259
       Headbutt          |     7 |    18 |     4 ||    29
  Use: Potion            |       |       |     2 ||     2
Armor: Scale mail        |    27 |   124 |       ||   151
       Plate armour      |       |       |     1 ||     1
Dodge: Dodged            |    27 |   132 |     1 ||   160
Block: Buckler           |     6 |    51 |     2 ||    59
